AoeStats
← stencek

Black Forest

506391727Analyzed
1v1 RM · 20d ago on Sep 13, 2026· 42m 37s· 2 players
Game mode
Random Map
Map size
Tiny (2 player)
Population
200
Speed
Normal
Resources
Standard
Victory
Conquest
Starting age
Dark Age
Ending age
Imperial Age
RankedLock teamsTeams togetherTeam positionsShared explorationLock speedFull tech treeHidden civsTurbo modeCheats
Victory
Defeat
🇹🇷 Lithuanians · Türkiye
584
+15
🇨🇿 Bohemians · Czechia
567
-15
stencek
7:58 Loom
13:08 Feudal Age
15:12 Double-Bit Axe
16:51 Wheelbarrow
16:18 Horse Collar
17:50 Town Watch
23:46 Castle Age
23:57 Padded Archer Armor
23:57 Scale Mail Armor
24:03 Scale Barding Armor
24:09 Forging
25:18 Hand Cart
24:50 Town Watch
31:04 Chemistry
31:04 Town Patrol
32:52 Chain Mail Armor
33:59 Leather Archer Armor
33:35 Fletching
34:21 Iron Casting
34:07 Chain Barding Armor
33:46 Pikeman
34:27 Squires
33:47 Man-at-Arms
34:22 Arson
37:23 Wagenburg Tactics
41:13 Ballistics
Etiquette ^^
0:32 Loom
13:29 Feudal Age
15:09 Wheelbarrow
14:16 Horse Collar
14:24 Double-Bit Axe
20:33 Gold Mining
20:34 Stone Mining
25:48 Castle Age
25:01 Scale Barding Armor
24:56 Scale Mail Armor
25:06 Forging
24:57 Padded Archer Armor
25:39 Fletching
26:44 Hand Cart
26:43 Bow Saw
26:38 Heavy Plow
27:15 Stone Shaft Mining
35:06 Imperial Age
32:20 Elite Skirmisher
34:03 Ballistics
34:25 Husbandry
34:37 Bloodlines
34:39 Thumb Ring
35:32 Town Watch
35:21 Cavalier
36:53 Conscription
37:37 Crop Rotation
37:45 Conscription
38:07 Hill Forts
42:16 Tower Shields
Connection lost

Rejoining the realm…

Still unreachable

The connection could not be restored.

Session expired

The server has moved on; the page needs a fresh start.